AoeStats
← Professor6899

MegaRandom

506170368Analyzed
4v4 RM · 19d ago on Sep 12, 2026· 25m 30s· 8 players
Game mode
Random Map
Map size
Large (8 player)
Population
200
Speed
Normal
Resources
Standard
Victory
Conquest
Starting age
Dark Age
Ending age
Imperial Age
RankedLock teamsTeams togetherTeam positionsShared explorationLock speedFull tech treeHidden civsTurbo modeCheats
Victory
Defeat
🇨🇳 Italians · China
1066
+18
🇨🇱 Celts · Chile
1061
+18
🇹🇷 Spanish · Türkiye
1032
+19
🇹🇷 Sicilians · Türkiye
974
+27
🇮🇳 Bengalis · India
1141
-21
🇮🇳 Inca · India
1125
-20
🇮🇳 Franks · India
1091
-19
🇮🇳 Vikings · India
1040
-17
Komposita
12:10 Feudal Age
10:37 Loom
16:38 Castle Age
14:20 Man-at-Arms
16:33 Forging
16:23 Scale Mail Armor
16:42 Long Swordsman
17:41 Gambesons
18:21 Chain Mail Armor
17:56 Arson
26:33 Iron Casting
273204066
2:12 Loom
10:53 Feudal Age
11:02 Man-at-Arms
13:18 Fletching
15:52 Scale Mail Armor
17:22 Horse Collar
17:36 Double-Bit Axe
18:16 Forging
21:37 Stone Mining
24:44 Padded Archer Armor
Crucio
10:24 Feudal Age
14:44 Castle Age
13:20 Stone Mining
14:22 Loom
14:59 Double-Bit Axe
15:46 Horse Collar
21:26 Wheelbarrow
24:23 Padded Archer Armor
24:14 Fletching
FİCİGETO
12:23 Feudal Age
14:12 Arson
17:25 Castle Age
17:00 Loom
21:11 Wheelbarrow
22:20 Gambesons
Zip Paz
8:19 Loom
10:42 Feudal Age
12:12 Double-Bit Axe
13:37 Horse Collar
13:50 Gold Mining
18:01 Padded Archer Armor
17:51 Fletching
V2 ツ
11:21 Feudal Age
15:05 Castle Age
13:36 Double-Bit Axe
16:58 Gold Mining
22:58 Forging
23:24 Scale Barding Armor
unspokenspecter
8:27 Loom
12:23 Feudal Age
14:36 Champi Runner
18:02 Arson
20:57 Wheelbarrow
21:00 Scale Mail Armor
21:10 Forging
Professor6899
3:54 Loom
5:38 Loom
12:26 Feudal Age
15:06 Fletching
18:14 Horse Collar
23:37 Castle Age
23:49 Crossbowman
24:47 Bodkin Arrow
Connection lost

Rejoining the realm…

Still unreachable

The connection could not be restored.

Session expired

The server has moved on; the page needs a fresh start.